 Dungeon Crawl Stone Soup version 0.24.0-123-gd5b16e6ec5 (webtiles) character file.

Game seed: 854328076487838394, levelgen mode: deterministic

1495 Kobolds4U the Destroyer (level 8, -3/41 HPs)
             Began as a Deep Elf Conjurer on Dec 16, 2019.
             Was an Initiate of Qazlal.
             Shot with an arrow by a centaur (12 damage)
             ... on level 6 of the Dungeon.
             The game lasted 00:24:32 (7244 turns).

Kobolds4U the Destroyer (Deep Elf Conjurer)         Turns: 7244, Time: 00:24:32

Health: -3/41      AC:  6    Str:  6    XL:     8   Next: 51%
Magic:  7/14       EV: 13    Int: 22    God:    Qazlal [......]
Gold:   37         SH:  0    Dex: 15    Spells: 3/13 levels left

rFire    . . .     SeeInvis .   D - +5 short sword
rCold    . . .     Gourm    .   (no shield)
rNeg     + . .     Faith    .   a - +0 robe
rPois    .         Spirit   .   z - +0 helmet
rElec    .         Reflect  .   (no cloak)
rCorr    .         Harm     .   x - +2 pair of gloves
MR       .....                  (no boots)
Stlth    ++........             (no amulet)
HPRegen  0.13/turn              r - ring of flight
MPRegen  0.14/turn              t - ring of positive energy

@: no status effects
A: no striking features
a: Renounce Religion, Evoke Flight


You were on level 6 of the Dungeon.
You worshipped Qazlal.
Qazlal was noncommittal.
You were near starving.

You visited 2 branches of the dungeon, and saw 7 of its levels.

You collected 346 gold pieces.
You spent 309 gold pieces at shops.

Inventory:

Hand Weapons
 y - a +0 rapier
 D - a +5 short sword (weapon)
Missiles
 v - 11 boomerangs (quivered)
Armour
 a - a +0 robe (worn)
 x - a +2 pair of gloves (worn)
 z - a +0 helmet (worn)
Jewellery
 r - a ring of flight (left hand)
 t - a ring of positive energy (right hand)
 A - an uncursed ring of protection from fire
Scrolls
 f - a scroll of fear
 g - a scroll of remove curse
 h - a scroll of noise {unknown}
 j - 2 scrolls of magic mapping {unknown}
 k - a scroll of amnesia {unknown}
 n - 2 scrolls of enchant weapon {unknown}
 o - 2 scrolls of teleportation {unknown}
 u - 2 scrolls of blinking {unknown}
 w - a scroll of random uselessness {unknown}
Potions
 b - 2 potions of brilliance
 d - 5 potions of heal wounds
 e - a potion of magic
 m - 3 potions of flight
 p - a potion of haste
 q - 3 potions of curing
 s - a potion of resistance {unknown}
 B - a potion of degeneration {unknown}
 C - a potion of might {unknown}
 E - a potion of berserk rage
Comestibles
 c - 8 rations


   Skills:
 + Level 0.1 Fighting
 + Level 2.7 Dodging
 - Level 2.6 Stealth
 + Level 3.2 Spellcasting
 * Level 10.0 Conjurations
 - Level 4.1 Hexes
 - Level 4.0 Translocations
 - Level 4.0 Evocations


You had 3 spell levels left.
You knew the following spells:

 Your Spells              Type           Power        Failure   Level  Hunger
a - Magic Dart            Conj           ####         1%          1    None
b - Searing Ray           Conj           #####.       1%          2    ##.....
c - Dazzling Spray        Conj/Hex       ####..       1%          3    ###....
d - Force Lance           Conj/Tloc      ####....     7%          4    ####...

Your spell library contained the following spells:

 Spells                   Type           Power        Failure   Level  Hunger
 Apportation              Tloc           ###...       2%          1    None
 Confusing Touch          Hex            ###...       2%          1    None
 Animate Skeleton         Necr           N/A          12%         1    None
 Summon Small Mammal      Summ           #...         12%         1    None
 Iskenderun's Mystic Bla  Conj           #####...     1%          4    ####...
 Fulminant Prism          Conj/Hex       ####......   7%          4    ####...


Dungeon Overview and Level Annotations

Branches:
Dungeon (6/15)             Temple (1/1) D:4

Altars:
Cheibriados
Elyvilon
Fedhas
Gozag
Hepliaklqana
Kikubaaqudgha
Nemelex Xobeh
Okawaru
Qazlal
Ru
Sif Muna
Trog
Uskayaw
Vehumet
Wu Jian
Xom
Yredelemnul
Zin
The Shining One

Shops:
D:5 [*(}


Message History

The black bear is heavily wounded.
The black bear is dazzled.
Casting: Dazzling Spray (safe; 1% risk of failure)
Confirm with . or Enter, or press ? or * to list all spells.
Aiming: Magic Dart (safe; 1% risk of failure)
Press: ? - help, Shift-Dir - straight line, f/p - black bear
Aim: a black bear (heavily wounded, blind, hasn't noticed you)
The magic dart hits the black bear.
The black bear is severely wounded.
The black bear growls angrily.
You hear an angry hiss.
The centaur shoots an arrow.
The arrow completely misses you.
The centaur shoots an arrow.
The arrow hits you.
You see here 2 arrows.
The centaur shoots an arrow.
The arrow hits you!
* * * LOW HITPOINT WARNING * * *
There is a stone staircase leading up, spattered with blood here.
You see here 4 arrows.
The black bear is no longer blind.
The centaur shoots an arrow.
The arrow hits you!
You die...

...#...##....# ...
#..####.#....## #...
#..##....h....###....
##.#..##.c...........
#....##...(..(......#
#.....##............#
####..##..........###
###....()...)......#
#......@)....##(....
##....######## ####.
######


You could see a black bear and a centaur.

Vanquished Creatures
  Sigmund (D:4)
  Eustachio (D:5)
  Menkaure (D:5)
  A phantom (D:4)
  An ogre (D:5)
  A gnoll sergeant (D:5)
  2 bullfrogs
  4 wights
  3 crimson imps
  A centaur skeleton (D:4)
  An orc wizard (D:5)
  A bullfrog skeleton (D:4)
  2 orc priests (D:5)
  3 worker ants
  A hound zombie (D:6)
  A hound skeleton (D:4)
  8 gnolls (D:5)
  5 adders
  A shadow imp (D:5)
  4 worms
  3 dart slugs (D:1)
  2 leopard geckos
  6 orcs (D:5)
  A ball python (D:2)
  5 bats (D:1)
  2 giant cockroaches
  13 goblins
  6 hobgoblins
  5 kobolds
  A quokka (D:2)
  7 frilled lizards
  A leopard gecko skeleton (D:4)
  A quokka skeleton (D:4)
  8 rats
104 creatures vanquished.

Vanquished Creatures (others)
  A human (D:2)
1 creature vanquished.

Grand Total: 105 creatures vanquished

Notes
Turn   | Place    | Note
-------+----------+-------------------------------------------
     0 | D:1      | Kobolds4U the Deep Elf Conjurer began the quest for the
                  | Orb.
     0 | D:1      | Reached XP level 1. HP: 10/10 MP: 6/6
   195 | D:1      | Reached XP level 2. HP: 15/15 MP: 2/8
   199 | D:1      | Learned a level 2 spell: Searing Ray
   441 | D:1      | Reached skill level 5 in Conjurations
   707 | D:1      | Reached XP level 3. HP: 19/19 MP: 7/9
   712 | D:1      | Learned a level 3 spell: Dazzling Spray
  1846 | D:2      | Found an ancient bone altar of Kikubaaqudgha.
  1847 | D:2      | Noticed a human
  1850 | D:2      | Killed a human
  2206 | D:3      | Reached skill level 6 in Conjurations
  2207 | D:3      | Reached XP level 4. HP: 24/24 MP: 6/10
  3216 | D:4      | Reached XP level 5. HP: 28/28 MP: 4/11
  3222 | D:4      | Learned a level 4 spell: Force Lance
  3328 | D:4      | Reached skill level 7 in Conjurations
  3420 | D:4      | Noticed Sigmund
  3427 | D:4      | Killed Sigmund
  3427 | D:4      | Reached skill level 8 in Conjurations
  3427 | D:4      | Reached XP level 6. HP: 32/32 MP: 4/12
  3592 | D:4      | Found a staircase to the Ecumenical Temple.
  3603 | Temple   | Entered the Ecumenical Temple
  3812 | Temple   | Became a worshipper of Qazlal Stormbringer
  4006 | D:4      | Reached skill level 1 in Hexes
  4006 | D:4      | Reached skill level 1 in Translocations
  4266 | D:4      | Reached XP level 7. HP: 5/36 MP: 5/13
  4672 | D:5      | Entered Level 5 of the Dungeon
  4685 | D:5      | Noticed Eustachio
  4692 | D:5      | Killed Eustachio
  4783 | D:5      | Found Kadiff's Armour Boutique.
  4787 | D:5      | Bought a +2 pair of gloves for 165 gold pieces
  4787 | D:5      | Bought a +0 helmet for 45 gold pieces
  5242 | D:5      | Reached skill level 9 in Conjurations
  5353 | D:5      | Found a hazy altar of Hepliaklqana.
  5399 | D:5      | Found a shimmering altar of Xom.
  5399 | D:5      | Found an opulent altar of Gozag.
  5403 | D:5      | Found Lafon's General Store.
  5417 | D:5      | Bought a potion of brilliance for 44 gold pieces
  5417 | D:5      | Bought a potion of heal wounds for 55 gold pieces
  5504 | D:5      | Found an ornate altar of the Wu Jian Council.
  5670 | D:5      | Noticed Menkaure
  5679 | D:5      | Killed Menkaure
  5679 | D:5      | Reached skill level 1 in Evocations
  5695 | D:5      | Found Wuckamug's Weapon Shoppe.
  5778 | D:5      | Found a blossoming altar of Fedhas.
  5890 | D:5      | Got a twisted hand axe
  6150 | D:5      | Reached XP level 8. HP: 41/41 MP: 1/14
  6326 | D:5      | Found Puofryn's Gadget Shoppe.
  7042 | D:6      | Reached skill level 10 in Conjurations
  7244 | D:6      | Shot with an arrow by a centaur

Levels and vault maps discovered:
D:1:      nzn_arrival_water_spiral, layout_loops_ring, bh_walls_and_bars
D:2:      layout_loops_ring, tgw_kikubaaqudgha
D:3:      layout_basic, first_ration, minmay_misc_feat_secret_circle
D:4:      layout_loops_ring, minmay_temple_entry_stoned_glass, uniq_sigmund
D:5:      layout_basic, gammafunk_temple_overflow_forgotten, old_standard_altar,
          serial_shops, shop, shop, kennysheep_mini, nicolae_shop_trees,
          fedhas_altar_1, uniq_eustachio, uniq_menkaure
D:6:      layout_cave_pools, minmay_misc_feat_plants, minmay_misc_feat_cross,
          minmay_misc_feat_enclosed
Temple:   regret_index_temple_generic_petals

Skill      XL: |  1  2  3  4  5  6  7  8 |
---------------+-------------------------+-----
Conjurations   | 5 6 8 9 10 | 10.0
Hexes          | 2 4 |  4.1
Translocations | 1 3 4 |  4.0
Evocations     | 2 4 |  4.0
Fighting       | |  0.1
Dodging        | |  2.7
Stealth        | |  2.6
Spellcasting   | |  3.2

Action                   |  1- 3 |  4- 6 |  7- 9 || total
-------------------------+-------+-------+-------++-------
Melee: Short sword       |    17 |    19 |    31 ||    67
 Cast: Magic Dart        |    57 |    63 |    57 ||   177
       Searing Ray       |     4 |    10 |    13 ||    27
       Dazzling Spray    |       |     1 |    19 ||    20
       Force Lance       |       |       |     3 ||     3
  Use: Scroll            |       |       |     8 ||     8
 Stab: Sleeping          |     4 |     3 |     1 ||     8
       Invisible         |       |       |     1 ||     1
  Eat: Chunk             |     4 |     3 |    10 ||    17
       Ration            |       |     1 |       ||     1
Armor: Robe              |     2 |     4 |     9 ||    15
Dodge: Dodged            |    13 |    26 |    51 ||    90
